AoeStats
← Patanco

Arena

504804470Analyzed
1v1 RM · 24d ago on Sep 6, 2026· 67m 54s· 2 players
Game mode
Random Map
Map size
Tiny (2 player)
Population
200
Speed
Normal
Resources
Standard
Victory
Conquest
Starting age
Dark Age
Ending age
Imperial Age
RankedLock teamsTeams togetherTeam positionsShared explorationLock speedFull tech treeHidden civsTurbo modeCheats
Victory
Defeat
🇪🇸 Poles · Spain
733
+18
🇬🇷 Portuguese · Greece
767
-18
peritrikala
0:37 Loom
13:41 Feudal Age
19:44 Castle Age
18:17 Horse Collar
20:18 Double-Bit Axe
24:29 Wheelbarrow
25:01 Bow Saw
25:22 Heavy Plow
26:02 Hand Cart
27:35 Gold Mining
33:24 Imperial Age
31:02 Town Watch
31:43 Fortified Wall
31:31 Stone Mining
33:54 Capped Ram
34:36 Fletching
36:11 Two-Man Saw
35:56 Conscription
36:55 Stone Shaft Mining
39:00 Guilds
39:20 Pikeman
41:29 Husbandry
41:40 Bloodlines
41:47 Scale Barding Armor
42:16 Ballistics
41:43 Halberdier
42:36 Forging
43:22 Arquebus
44:05 Crop Rotation
43:41 Arson
43:59 Scale Mail Armor
45:09 Chain Barding Armor
45:05 Chain Mail Armor
45:32 Elite Organ Gun
45:38 Elite Organ Gun
46:19 Circumnavigation
46:09 Cavalier
47:58 Chemistry
47:04 Siege Engineers
48:37 Plate Barding Armor
48:37 Iron Casting
48:22 Masonry
48:22 Murder Holes
52:57 Architecture
56:54 Blast Furnace
55:49 Bodkin Arrow
55:55 Padded Archer Armor
56:25 Plate Mail Armor
66:27 Bombard Tower
67:08 Bracer
67:23 Light Cavalry
Patanco
12:31 Feudal Age
16:08 Castle Age
14:11 Double-Bit Axe
14:42 Gold Mining
14:46 Stone Mining
14:44 Loom
17:05 Bow Saw
19:19 Stone Shaft Mining
19:19 Squires
20:32 Fervor
24:36 Horse Collar
26:14 Wheelbarrow
26:37 Town Watch
28:28 Heavy Plow
28:39 Treadmill Crane
29:10 Murder Holes
29:51 Forging
29:48 Scale Barding Armor
29:44 Padded Archer Armor
29:35 Fletching
31:41 Iron Casting
31:47 Crossbowman
32:46 Leather Archer Armor
32:27 Bodkin Arrow
32:54 Chain Barding Armor
31:59 Light Cavalry
33:29 Bloodlines
33:23 Husbandry
33:46 Thumb Ring
34:24 Hand Cart
34:11 Town Patrol
37:52 Imperial Age
35:57 Ballistics
35:49 Masonry
37:54 Arbalester
39:52 Chemistry
38:27 Winged Hussar
40:20 Blast Furnace
40:27 Siege Engineers
40:25 Bracer
41:25 Conscription
41:38 Lechitic Legacy
42:16 Crop Rotation
42:26 Fortified Wall
42:07 Guard Tower
42:03 Arrowslits
43:50 Hoardings
55:18 Keep
55:03 Bombard Tower
56:53 Scale Mail Armor
56:19 Elite Obuch
58:24 Chain Mail Armor
60:21 Plate Mail Armor
Connection lost

Rejoining the realm…

Still unreachable

The connection could not be restored.

Session expired

The server has moved on; the page needs a fresh start.